 Dungeon Crawl Stone Soup version 0.17-a0-105-g8f3376a (webtiles) character file.

105 Rotinaj the Chiller (level 4, -1/24 HPs)
             Began as a Deep Elf Ice Elementalist on Mar 18, 2015.
             Slain by Grinder (5 damage)
             ... while paralysed by Grinder
             ... on level 3 of the Dungeon.
             The game lasted 00:16:25 (3337 turns).

Rotinaj the Chiller (Deep Elf Ice Elementalist)     Turns: 3337, Time: 00:16:26

Health: -1/24      AC:  2    Str:  5    XL:     4   Next: 54%
Magic:  4/15       EV:  2    Int: 21    God:
Gold:   116        SH:  0    Dex: 15    Spells: 3 memorised, 5 levels left

rFire  . . .     SeeInvis .     k - +0 mace
rCold  . . .     Clarity  .     a - +0 robe
rNeg   . . .     SustAb   .     (no shield)
rPois  .         Gourm    .     (no helmet)
rElec  .         Spirit   .     (no cloak)
rCorr  .         Warding  .     (no gloves)
rMut   .         Stasis   .     (no boots)
MR     .....                    (no amulet)
Stlth  ++........               (no ring)
                                (no ring)

@: paralysed, not resistant to hostile enchantments, unstealthy
A: no striking features
a: no special abilities


You were on level 3 of the Dungeon.
You were not hungry.

You visited 1 branch of the dungeon, and saw 3 of its levels.

You collected 116 gold pieces.

Inventory:

Hand weapons
 k - a +0 mace (weapon)
Armour
 a - a +0 robe (worn)
Jewellery
 c - an uncursed ring of positive energy {unknown}
Scrolls
 d - a scroll of remove curse
Potions
 g - a potion of agility {unknown}
 h - a potion of resistance {unknown}
 i - a potion of lignification {unknown}
 j - 2 potions of ambrosia {unknown}
 l - a potion of degeneration {unknown}
 m - a potion of cure mutation {unknown}
Books
 b - a book of Frost

   Spells                             Type                      Level
   a - Freeze                         Ice                          1
   b - Throw Frost                    Conjuration/Ice              2
   c - Ozocubu's Armour               Charms/Ice                   3
   d - Throw Icicle                   Conjuration/Ice              4
   e - Summon Ice Beast               Ice/Summoning                4
   f - Condensation Shield            Ice                          4
Comestibles
 f - 2 meat rations
 n - a chunk of flesh


   Skills:
 + Level 0.2 Fighting
 + Level 2.8 Dodging
 + Level 2.7 Stealth
 + Level 4.4 Spellcasting
 + Level 1.4 Conjurations
 + Level 4.6 Ice Magic


You had 5 spell levels left.
You knew the following spells:

 Your Spells              Type           Power        Failure   Level  Hunger
a - Freeze                Ice            ###.         1%          1    None
b - Ozocubu's Armour      Chrm/Ice       ##......     17%         3    ##.....
c - Throw Frost           Conj/Ice       ###...       6%          2    #......


Dungeon Overview and Level Annotations

Branches:
Dungeon (3/15)

Altars:

Annotations:
D:3 Grinder


Message History

Casting: Freeze
Confirm with . or Enter, or press ? or * to list all spells.
Aiming: Throw Frost
Press: ? - help, Shift-Dir - straight line, f/p - Grinder
Aim: Grinder (lightly wounded)
The puff of frost hits Grinder.
Grinder resists.
Grinder is lightly wounded.
Grinder hits you!
* * * LOW HITPOINT WARNING * * *
You closely miss Grinder.
Grinder is lightly wounded.
Grinder gestures.
Grinder blinks!
Your magical contamination has completely faded away.
Grinder gestures at you.
You suddenly lose the ability to move!
Grinder gestures.
Grinder blinks!
Grinder hits you.
You die...

... #...<# ###.###[####
..#.....# #.###.### #.#
#.######
########.###......###
........†..####.....#
.........#.####.....####
#########...@5.........
######.....#### #.....#
###.### .# .. ###


You could see Grinder.

Vanquished Creatures
  3 adders
  3 worms (D:2)
  3 giant geckos
  An ooze (D:1)
  2 orcs (D:3)
  5 bats
  8 goblins
  2 hobgoblins
  2 giant cockroaches
  A giant cockroach zombie (D:2)
  6 giant newts
  2 jackals (D:1)
  9 kobolds
  14 rats
61 creatures vanquished.

Notes
Turn   | Place    | Note
--------------------------------------------------------------
     0 | D:1      | Rotinaj, the Deep Elf Ice Elementalist, began the quest for the Orb.
     0 | D:1      | Reached XP level 1. HP: 10/10 MP: 5/5
   400 | D:1      | Reached XP level 2. HP: 15/15 MP: 4/8
  1200 | D:1      | Reached XP level 3. HP: 17/19 MP: 9/11
  1251 | D:2      | Reached skill level 4 in Ice Magic
  1275 | D:2      | Learned a level 3 spell: Ozocubu's Armour
  1278 | D:2      | Learned a level 2 spell: Throw Frost
  2267 | D:2      | Reached XP level 4. HP: 24/24 MP: 0/15
  3307 | D:3      | Noticed Grinder
  3320 | D:3      | HP: 1/24 [Grinder (5)]
  3334 | D:3      | Paralysed by Grinder for 4 turns
  3337 | D:3      | Slain by Grinder

Action                   |  1- 3 |  4- 6 || total
-------------------------+-------+-------++-------
Melee: Unarmed           |     3 |       ||     3
       Mace              |     3 |     2 ||     5
 Cast: Freeze            |    51 |    18 ||    69
       Throw Frost       |    19 |    26 ||    45
  Use: Scroll            |     4 |       ||     4
       Potion            |       |     1 ||     1
  Eat: Bread ration      |     1 |       ||     1
       Meat ration       |       |     1 ||     1
